[ AOE2 MATCH · #487874879 ]
UnrankedPersians vs Persians
[ REPLAY ANALYSIS · EXTRACTED FROM THE RECORDED GAME ]
Feudal
10:50
Castle
14:06
Imperial
29:53
| APM avg | 41.9 |
| APM peak | 97 |
| eAPM avg | 18.6 |
| Villagers / military | 160 / 104 |
Focus
⚔️ 15.2% · 🌾 84.8%
War Elephant ×92 · Camel Scout ×8 · Trebuchet (Packed) ×3 · Monk ×1
Feudal
11:08
Castle
14:59
Imperial
29:02
| APM avg | 37.4 |
| APM peak | 90 |
| eAPM avg | 22.2 |
| Villagers / military | 144 / 234 |
Focus
⚔️ 40.0% · 🌾 60.0%
Spearman ×203 · Bombard Cannon ×25 · Monk ×2 · Scorpion ×2 · Hussite Wagon ×2
Feudal
10:06
Castle
14:09
Imperial
28:35
| APM avg | 34.3 |
| APM peak | 103 |
| eAPM avg | 18.2 |
| Villagers / military | 131 / 226 |
Focus
⚔️ 41.7% · 🌾 58.3%
Camel Scout ×108 · Hand Cannoneer ×75 · Scout Cavalry ×35 · Bombard Cannon ×6 · Monk ×2
Feudal
9:16
Castle
16:04
Imperial
—
| APM avg | 34.3 |
| APM peak | 83 |
| eAPM avg | 22.9 |
| Villagers / military | 144 / 49 |
Focus
⚔️ 25.4% · 🌾 74.6%
Scorpion ×28 · Petard ×16 · War Wagon ×5
Feudal
15:22
Castle
18:58
Imperial
38:06
| APM avg | 22.7 |
| APM peak | 38 |
| eAPM avg | 15.6 |
| Villagers / military | 161 / 90 |
Focus
⚔️ 27.7% · 🌾 72.3%
Mangudai ×81 · Militia ×5 · Petard ×2 · Trebuchet (Packed) ×2
Feudal
9:56
Castle
13:37
Imperial
37:58
| APM avg | 19.8 |
| APM peak | 44 |
| eAPM avg | 12.6 |
| Villagers / military | 122 / 37 |
Focus
⚔️ 22.3% · 🌾 77.7%
Scorpion ×25 · Mangonel ×4 · Battering Ram ×4 · Knight ×3 · Scout Cavalry ×1
Feudal
10:35
Castle
22:47
Imperial
34:04
| APM avg | 35.1 |
| APM peak | 75 |
| eAPM avg | 20.5 |
| Villagers / military | 198 / 308 |
Focus
⚔️ 30.5% · 🌾 69.5%
Steppe Lancer ×260 · Scout Cavalry ×30 · Battering Ram ×18
Feudal
12:05
Castle
17:08
Imperial
38:21
| APM avg | 46.4 |
| APM peak | 91 |
| eAPM avg | 20.7 |
| Villagers / military | 130 / 122 |
Focus
⚔️ 26.2% · 🌾 73.8%
Magyar Huszar ×82 · Cavalry Archer ×23 · Monk ×14 · Mangonel ×3
Match map
Initial resources + every placement click. Lines = walls · curves = elevation contours. ◆ gold · ⬟ stone · ● berries · ✦ relic · ◌ wall gap
Your base· ✓ Closed at 14:06 · 0t walls · 2 gate(s)
风沙烟尘's base· ✓ Closed at 14:59 · 0t walls · 2 gate(s)
CTM | chiwire's base· ✓ Closed at 14:09 · 0t walls · 2 gate(s)
PSX | King's base· ✓ Closed at 16:04 · 0t walls · 2 gate(s)
Baratinha's base· ✓ Closed at 18:58 · 0t walls · 3 gate(s)
CTM | Franco*'s base· ✓ Closed at 13:37 · 0t walls · 3 gate(s)
超可愛小海豹's base· ✓ Closed at 22:47 · 0t walls · 3 gate(s)
Rhapcore's base· ✓ Closed at 17:08 · 0t walls · 3 gate(s)
Smoothed initial terrain · ◌ = detected wall gap · hover for details
Inputs per minute
— Persian Assassin - - 风沙烟尘
Build order — Persian Assassin
First 150 of 366 actions detected
| 0:02 | Create | Villager (Male) |
| 0:02 | Create | Villager (Male) |
| 0:02 | Create | Villager (Male) |
| 0:03 | Create | Villager (Male) |
| 0:04 | Build | House |
| 0:06 | Build | House |
| 0:47 | Create | Villager (Male) |
| 0:47 | Create | Villager (Male) |
| 1:25 | Create | Villager (Male) |
| 1:46 | Build | Lumber Camp |
| 2:00 | Create | Villager (Male) |
| 2:00 | Create | Villager (Male) |
| 2:43 | Create | Villager (Male) |
| 2:43 | Create | Villager (Male) |
| 2:50 | Create | Villager (Male) |
| 2:57 | Create | Villager (Male) |
| 3:25 | Build | House |
| 3:26 | Build | House |
| 3:27 | Build | House |
| 3:50 | Create | Villager (Male) |
| 3:50 | Create | Villager (Male) |
| 3:58 | Create | Villager (Male) |
| 3:58 | Create | Villager (Male) |
| 4:14 | Build | Mill |
| 4:21 | Create | Villager (Male) |
| 4:21 | Create | Villager (Male) |
| 4:40 | Create | Villager (Male) |
| 4:41 | Create | Villager (Male) |
| 5:11 | Create | Villager (Male) |
| 5:12 | Research | Loom |
| 5:22 | Create | Villager (Male) |
| 5:23 | Create | Villager (Male) |
| 6:15 | Create | Villager (Male) |
| 6:15 | Create | Villager (Male) |
| 6:15 | Create | Villager (Male) |
| 7:03 | Build | Lumber Camp |
| 7:37 | Build | Farm |
| 7:40 | Build | Farm |
| 7:46 | Create | Villager (Male) |
| 8:05 | Create | Villager (Male) |
| 8:06 | Research | Feudal Age |
| 8:32 | Build | Mining Camp |
| 9:53 | Create | Villager (Male) |
| 10:28 | Create | Villager (Male) |
| 10:50 | Age | Feudal Age |
| 10:51 | Build | Market |
| 10:55 | Build | Blacksmith |
| 11:33 | Build | House |
| 11:41 | Research | Castle Age |
| 11:53 | Research | Double-Bit Axe |
| 12:16 | Build | House |
| 12:23 | Research | Horse Collar |
| 13:26 | Build | Farm |
| 13:28 | Build | Farm |
| 13:48 | Create | Villager (Male) |
| 13:49 | Create | Villager (Male) |
| 14:06 | Age | Castle Age |
| 14:09 | Build | Town Center |
| 14:13 | Build | Town Center |
| 14:22 | Research | Bow Saw |
| 14:27 | Create | Villager (Male) |
| 14:36 | Build | Monastery |
| 14:55 | Create | Villager (Male) |
| 14:58 | Build | Farm |
| 15:29 | Create | Villager (Male) |
| 15:29 | Create | Villager (Male) |
| 15:31 | Create | Monk |
| 15:32 | Build | House |
| 15:33 | Create | Villager (Male) |
| 15:33 | Create | Villager (Male) |
| 15:48 | Build | Farm |
| 15:50 | Build | Farm |
| 15:55 | Build | Farm |
| 15:57 | Build | Farm |
| 15:59 | Create | Villager (Male) |
| 16:06 | Build | House |
| 16:07 | Build | House |
| 16:12 | Create | Villager (Male) |
| 16:12 | Create | Villager (Male) |
| 16:16 | Build | Farm |
| 16:22 | Create | Villager (Male) |
| 16:24 | Build | Farm |
| 16:37 | Build | Farm |
| 16:47 | Create | Villager (Male) |
| 16:48 | Create | Villager (Male) |
| 16:55 | Build | Farm |
| 16:57 | Build | Farm |
| 16:57 | Build | Farm |
| 16:58 | Create | Villager (Male) |
| 17:01 | Build | Farm |
| 17:04 | Build | House |
| 17:07 | Build | House |
| 17:18 | Create | Villager (Male) |
| 17:18 | Create | Villager (Male) |
| 17:23 | Build | Farm |
| 17:25 | Create | Villager (Male) |
| 17:26 | Create | Villager (Male) |
| 17:43 | Create | Villager (Male) |
| 17:48 | Create | Villager (Male) |
| 17:50 | Build | House |
| 17:52 | Build | House |
| 17:58 | Create | Villager (Male) |
| 17:58 | Create | Villager (Male) |
| 18:02 | Build | Farm |
| 18:05 | Build | Farm |
| 18:06 | Build | Farm |
| 18:08 | Build | Farm |
| 18:09 | Create | Villager (Male) |
| 18:17 | Create | Villager (Male) |
| 18:24 | Build | Farm |
| 18:32 | Build | Farm |
| 18:33 | Create | Villager (Male) |
| 18:38 | Create | Villager (Male) |
| 18:38 | Create | Villager (Male) |
| 18:44 | Build | Farm |
| 18:44 | Create | Villager (Male) |
| 18:49 | Build | Farm |
| 18:50 | Create | Villager (Male) |
| 18:50 | Create | Villager (Male) |
| 18:53 | Build | Farm |
| 18:56 | Build | House |
| 18:58 | Build | House |
| 18:59 | Create | Villager (Male) |
| 19:04 | Create | Villager (Male) |
| 19:04 | Create | Villager (Male) |
| 19:05 | Create | Villager (Male) |
| 19:07 | Build | Farm |
| 19:12 | Build | Farm |
| 19:14 | Create | Villager (Male) |
| 19:14 | Create | Villager (Male) |
| 19:20 | Build | Farm |
| 19:22 | Build | Farm |
| 19:24 | Create | Villager (Male) |
| 19:24 | Create | Villager (Male) |
| 19:28 | Build | House |
| 19:29 | Build | House |
| 19:30 | Build | House |
| 19:33 | Create | Villager (Male) |
| 19:36 | Build | Farm |
| 19:46 | Build | Farm |
| 19:46 | Create | Villager (Male) |
| 19:47 | Create | Villager (Male) |
| 19:50 | Create | Villager (Male) |
| 19:54 | Create | Villager (Male) |
| 20:06 | Create | Villager (Male) |
| 20:11 | Create | Villager (Male) |
| 20:15 | Create | Villager (Male) |
| 20:18 | Build | Farm |
| 20:20 | Create | Villager (Male) |
| 20:35 | Build | Town Center |
Build order — 风沙烟尘
First 150 of 520 actions detected
| 0:05 | Create | Villager (Male) |
| 0:05 | Create | Villager (Male) |
| 0:06 | Create | Villager (Male) |
| 0:08 | Build | House |
| 0:10 | Build | House |
| 0:12 | Create | Villager (Male) |
| 0:12 | Create | Villager (Male) |
| 1:32 | Create | Villager (Male) |
| 1:32 | Create | Villager (Male) |
| 1:57 | Create | Villager (Male) |
| 1:57 | Create | Villager (Male) |
| 2:01 | Build | Lumber Camp |
| 2:30 | Create | Villager (Male) |
| 2:30 | Create | Villager (Male) |
| 3:08 | Create | Villager (Male) |
| 3:08 | Create | Villager (Male) |
| 3:42 | Build | Mill |
| 3:43 | Create | Villager (Male) |
| 3:43 | Create | Villager (Male) |
| 4:03 | Build | House |
| 4:19 | Create | Villager (Male) |
| 4:19 | Create | Villager (Male) |
| 4:50 | Create | Villager (Male) |
| 4:50 | Create | Villager (Male) |
| 5:22 | Create | Villager (Male) |
| 5:22 | Create | Villager (Male) |
| 5:47 | Create | Villager (Male) |
| 5:47 | Create | Villager (Male) |
| 6:18 | Build | House |
| 6:27 | Create | Villager (Male) |
| 6:27 | Create | Villager (Male) |
| 6:49 | Create | Villager (Male) |
| 6:50 | Create | Villager (Male) |
| 7:21 | Create | Villager (Male) |
| 7:21 | Create | Villager (Male) |
| 7:51 | Build | Mining Camp |
| 7:57 | Create | Villager (Male) |
| 7:58 | Create | Villager (Male) |
| 8:54 | Build | House |
| 8:57 | Research | Feudal Age |
| 9:05 | Build | Mining Camp |
| 9:28 | Create | Villager (Male) |
| 9:29 | Create | Villager (Male) |
| 11:08 | Age | Feudal Age |
| 11:16 | Build | Market |
| 11:20 | Build | Blacksmith |
| 12:19 | Research | Castle Age |
| 12:30 | Research | Double-Bit Axe |
| 12:34 | Research | Horse Collar |
| 12:35 | Research | Horse Collar |
| 12:40 | Build | Farm |
| 12:45 | Build | Farm |
| 12:55 | Build | Farm |
| 13:00 | Build | Farm |
| 13:08 | Build | Farm |
| 13:16 | Create | Villager (Male) |
| 13:21 | Research | Loom |
| 13:24 | Create | Villager (Male) |
| 14:22 | Build | House |
| 14:59 | Age | Castle Age |
| 15:05 | Build | Town Center |
| 15:26 | Build | Castle |
| 15:41 | Build | Castle |
| 15:47 | Create | Villager (Male) |
| 16:07 | Build | Town Center |
| 16:13 | Create | Villager (Male) |
| 16:21 | Build | Farm |
| 16:25 | Create | Villager (Male) |
| 16:37 | Create | Villager (Male) |
| 16:45 | Build | Farm |
| 16:51 | Build | Farm |
| 17:08 | Create | Villager (Male) |
| 17:14 | Build | Farm |
| 17:20 | Research | Wheelbarrow |
| 17:23 | Create | Villager (Male) |
| 17:25 | Create | Villager (Male) |
| 17:33 | Create | Villager (Male) |
| 17:56 | Create | Villager (Male) |
| 18:15 | Build | Farm |
| 18:16 | Create | Villager (Male) |
| 18:16 | Create | Villager (Male) |
| 18:20 | Build | Farm |
| 18:20 | Build | Farm |
| 18:21 | Build | Farm |
| 18:21 | Build | Farm |
| 18:21 | Build | Farm |
| 18:29 | Create | Villager (Male) |
| 18:51 | Build | Monastery |
| 18:58 | Create | Villager (Male) |
| 18:58 | Create | Villager (Male) |
| 18:59 | Create | Villager (Male) |
| 19:07 | Build | Farm |
| 19:08 | Build | Farm |
| 19:08 | Build | Farm |
| 19:11 | Build | Farm |
| 19:12 | Create | Villager (Male) |
| 19:12 | Create | Villager (Male) |
| 19:21 | Build | Farm |
| 19:21 | Build | Farm |
| 19:21 | Build | Farm |
| 19:34 | Build | Farm |
| 19:35 | Create | Villager (Male) |
| 19:35 | Create | Villager (Male) |
| 19:42 | Build | Farm |
| 19:47 | Research | Fervor |
| 19:47 | Create | Villager (Male) |
| 19:48 | Create | Villager (Male) |
| 19:56 | Create | Villager (Male) |
| 19:56 | Create | Villager (Male) |
| 20:00 | Build | Farm |
| 20:09 | Create | Villager (Male) |
| 20:09 | Create | Villager (Male) |
| 20:13 | Create | Villager (Male) |
| 20:15 | Create | Villager (Male) |
| 20:15 | Create | Villager (Male) |
| 20:22 | Build | Farm |
| 20:22 | Create | Villager (Male) |
| 20:23 | Create | Villager (Male) |
| 20:39 | Create | Villager (Male) |
| 20:47 | Create | Villager (Male) |
| 20:48 | Create | Villager (Male) |
| 20:49 | Build | Farm |
| 20:49 | Build | Farm |
| 20:52 | Create | Villager (Male) |
| 20:59 | Build | Farm |
| 20:59 | Build | Farm |
| 21:02 | Build | Farm |
| 21:02 | Build | Farm |
| 21:04 | Create | Villager (Male) |
| 21:06 | Create | Villager (Male) |
| 21:06 | Create | Villager (Male) |
| 21:11 | Build | Farm |
| 21:17 | Create | Villager (Male) |
| 21:21 | Create | Villager (Male) |
| 21:25 | Build | Farm |
| 21:26 | Build | Farm |
| 21:26 | Build | Farm |
| 21:28 | Create | Villager (Male) |
| 21:28 | Create | Villager (Male) |
| 21:38 | Build | Farm |
| 21:53 | Create | Villager (Male) |
| 21:54 | Create | Villager (Male) |
| 21:57 | Create | Villager (Male) |
| 21:58 | Create | Villager (Male) |
| 22:13 | Build | Town Center |
| 22:14 | Create | Villager (Male) |
| 22:14 | Create | Villager (Male) |
| 22:23 | Create | Villager (Male) |
| 22:23 | Create | Villager (Male) |
| 22:34 | Create | Villager (Male) |
Build order — CTM | chiwire
First 150 of 532 actions detected
| 0:02 | Build | House |
| 0:03 | Build | House |
| 0:04 | Create | Villager (Male) |
| 0:04 | Create | Villager (Male) |
| 0:04 | Create | Villager (Male) |
| 0:04 | Create | Villager (Male) |
| 0:16 | Create | Villager (Male) |
| 1:24 | Create | Villager (Male) |
| 1:42 | Build | House |
| 1:44 | Build | Lumber Camp |
| 2:00 | Create | Villager (Male) |
| 2:43 | Create | Villager (Male) |
| 2:44 | Create | Villager (Male) |
| 2:58 | Create | Villager (Male) |
| 3:20 | Create | Villager (Male) |
| 3:20 | Create | Villager (Male) |
| 3:54 | Create | Villager (Male) |
| 3:54 | Create | Villager (Male) |
| 4:17 | Create | Villager (Male) |
| 4:23 | Build | House |
| 5:03 | Create | Villager (Male) |
| 5:03 | Create | Villager (Male) |
| 5:16 | Build | Mill |
| 5:36 | Create | Villager (Male) |
| 5:37 | Create | Villager (Male) |
| 6:27 | Create | Villager (Male) |
| 6:28 | Create | Villager (Male) |
| 7:16 | Build | Mining Camp |
| 7:38 | Research | Loom |
| 7:59 | Research | Feudal Age |
| 8:02 | Build | Farm |
| 8:05 | Build | Farm |
| 8:07 | Build | Farm |
| 8:13 | Build | Farm |
| 8:19 | Create | Villager (Male) |
| 8:19 | Create | Villager (Male) |
| 10:06 | Age | Feudal Age |
| 10:26 | Build | Market |
| 10:31 | Build | Blacksmith |
| 10:54 | Create | Villager (Male) |
| 11:43 | Research | Castle Age |
| 12:13 | Build | Mining Camp |
| 12:48 | Research | Double-Bit Axe |
| 12:50 | Research | Horse Collar |
| 13:38 | Create | Villager (Male) |
| 13:39 | Create | Villager (Male) |
| 13:57 | Build | House |
| 14:09 | Age | Castle Age |
| 14:11 | Build | Monastery |
| 14:17 | Build | Town Center |
| 14:29 | Research | Bow Saw |
| 14:43 | Build | House |
| 14:44 | Build | House |
| 14:47 | Create | Villager (Male) |
| 14:59 | Create | Monk |
| 15:00 | Create | Monk |
| 15:09 | Build | Farm |
| 15:12 | Create | Villager (Male) |
| 15:16 | Build | Farm |
| 15:24 | Build | Farm |
| 15:39 | Create | Villager (Male) |
| 15:43 | Build | Farm |
| 15:47 | Build | Farm |
| 16:15 | Create | Villager (Male) |
| 16:16 | Create | Villager (Male) |
| 16:25 | Build | Farm |
| 16:25 | Build | Farm |
| 16:28 | Build | Farm |
| 16:30 | Build | Farm |
| 16:33 | Build | Farm |
| 16:33 | Create | Villager (Male) |
| 16:44 | Create | Villager (Male) |
| 17:01 | Research | Fervor |
| 17:01 | Create | Villager (Male) |
| 17:04 | Build | Farm |
| 17:07 | Build | Farm |
| 17:12 | Create | Villager (Male) |
| 17:17 | Build | Farm |
| 17:29 | Create | Villager (Male) |
| 17:31 | Build | Farm |
| 17:35 | Create | Villager (Male) |
| 17:44 | Build | House |
| 17:45 | Build | House |
| 17:47 | Build | House |
| 17:49 | Create | Villager (Male) |
| 17:56 | Create | Villager (Male) |
| 18:01 | Build | Farm |
| 18:08 | Create | Villager (Male) |
| 18:11 | Create | Villager (Male) |
| 18:20 | Create | Villager (Male) |
| 18:23 | Build | Farm |
| 18:26 | Build | Farm |
| 18:30 | Create | Villager (Male) |
| 18:46 | Create | Villager (Male) |
| 18:46 | Create | Villager (Male) |
| 18:49 | Build | Farm |
| 18:53 | Build | Farm |
| 19:01 | Build | House |
| 19:02 | Build | House |
| 19:03 | Create | Villager (Male) |
| 19:04 | Create | Villager (Male) |
| 19:23 | Create | Villager (Male) |
| 19:27 | Create | Villager (Male) |
| 19:32 | Build | Town Center |
| 19:36 | Create | Villager (Male) |
| 19:45 | Build | Farm |
| 19:52 | Build | Farm |
| 19:53 | Create | Villager (Male) |
| 19:57 | Build | House |
| 19:58 | Build | House |
| 19:59 | Build | House |
| 20:06 | Create | Villager (Male) |
| 20:25 | Create | Villager (Male) |
| 20:29 | Create | Villager (Male) |
| 20:36 | Build | Farm |
| 20:39 | Build | Farm |
| 20:41 | Research | Heavy Plow |
| 20:45 | Build | House |
| 20:47 | Create | Villager (Male) |
| 20:47 | Create | Villager (Male) |
| 21:03 | Create | Villager (Male) |
| 21:03 | Create | Villager (Male) |
| 21:05 | Create | Villager (Male) |
| 21:05 | Create | Villager (Male) |
| 21:09 | Build | Farm |
| 21:10 | Build | Farm |
| 21:12 | Build | Farm |
| 21:15 | Build | Farm |
| 21:15 | Create | Villager (Male) |
| 21:25 | Build | Farm |
| 21:28 | Build | Farm |
| 21:30 | Create | Villager (Male) |
| 21:30 | Create | Villager (Male) |
| 21:34 | Build | House |
| 21:35 | Build | House |
| 21:42 | Create | Villager (Male) |
| 21:50 | Build | Mill |
| 21:52 | Build | Farm |
| 21:53 | Create | Villager (Male) |
| 21:53 | Create | Villager (Male) |
| 21:58 | Build | Farm |
| 21:59 | Create | Villager (Male) |
| 21:59 | Create | Villager (Male) |
| 22:09 | Build | Farm |
| 22:11 | Build | Farm |
| 22:15 | Build | Farm |
| 22:15 | Create | Villager (Male) |
| 22:15 | Create | Villager (Male) |
| 22:23 | Create | Villager (Male) |
| 22:27 | Build | Farm |
Build order — PSX | King
First 150 of 359 actions detected
| 0:01 | Create | Villager (Male) |
| 0:01 | Create | Villager (Male) |
| 0:03 | Build | House |
| 0:04 | Build | House |
| 0:26 | Create | Villager (Male) |
| 0:26 | Create | Villager (Male) |
| 0:27 | Create | Villager (Male) |
| 1:34 | Create | Villager (Male) |
| 1:35 | Create | Villager (Male) |
| 1:54 | Build | Lumber Camp |
| 1:55 | Create | Villager (Male) |
| 2:29 | Create | Villager (Male) |
| 2:30 | Create | Villager (Male) |
| 2:51 | Create | Villager (Male) |
| 2:51 | Create | Villager (Male) |
| 2:52 | Create | Villager (Male) |
| 2:59 | Build | House |
| 3:34 | Create | Villager (Male) |
| 3:44 | Create | Villager (Male) |
| 3:45 | Create | Villager (Male) |
| 4:15 | Build | Mill |
| 4:19 | Create | Villager (Male) |
| 4:20 | Create | Villager (Male) |
| 4:48 | Create | Villager (Male) |
| 4:48 | Create | Villager (Male) |
| 4:50 | Create | Villager (Male) |
| 4:51 | Create | Villager (Male) |
| 5:43 | Create | Villager (Male) |
| 6:15 | Research | Loom |
| 7:04 | Research | Feudal Age |
| 7:38 | Build | House |
| 7:52 | Build | Mining Camp |
| 8:01 | Create | Villager (Male) |
| 8:34 | Build | House |
| 9:16 | Age | Feudal Age |
| 9:23 | Create | Villager (Male) |
| 9:26 | Build | Blacksmith |
| 9:27 | Build | House |
| 9:48 | Create | Villager (Male) |
| 9:48 | Create | Villager (Male) |
| 10:08 | Create | Villager (Male) |
| 10:55 | Create | Villager (Male) |
| 11:01 | Create | Villager (Male) |
| 11:57 | Build | Market |
| 12:27 | Create | Villager (Male) |
| 12:49 | Create | Villager (Male) |
| 12:58 | Build | Farm |
| 13:24 | Research | Castle Age |
| 14:07 | Research | Double-Bit Axe |
| 14:57 | Research | Stone Mining |
| 15:26 | Create | Villager (Male) |
| 16:04 | Age | Castle Age |
| 16:15 | Create | Villager (Male) |
| 16:48 | Create | Villager (Male) |
| 17:00 | Build | Castle |
| 17:11 | Create | Villager (Male) |
| 17:14 | Build | House |
| 17:15 | Build | House |
| 17:27 | Create | Villager (Male) |
| 17:32 | Build | Palisade Gate |
| 17:33 | Build | Palisade Wall |
| 17:35 | Build | House |
| 17:37 | Build | Palisade Wall |
| 17:40 | Build | Palisade Wall |
| 17:42 | Build | Palisade Wall |
| 17:45 | Create | Villager (Male) |
| 18:12 | Build | Lumber Camp |
| 18:42 | Build | Farm |
| 18:44 | Build | Farm |
| 18:48 | Build | Farm |
| 18:53 | Build | Farm |
| 19:00 | Build | Farm |
| 19:19 | Create | War Wagon |
| 19:19 | Create | War Wagon |
| 19:28 | Build | Farm |
| 19:39 | Build | Mining Camp |
| 19:58 | Create | Villager (Male) |
| 20:08 | Create | Villager (Male) |
| 20:08 | Create | Villager (Male) |
| 20:18 | Build | Farm |
| 20:33 | Create | War Wagon |
| 20:33 | Create | War Wagon |
| 20:45 | Create | Villager (Male) |
| 21:12 | Create | Villager (Male) |
| 21:13 | Create | War Wagon |
| 21:31 | Create | Villager (Male) |
| 21:34 | Build | Mining Camp |
| 21:56 | Create | Petard |
| 21:57 | Create | Petard |
| 22:00 | Build | Farm |
| 22:13 | Build | Farm |
| 22:13 | Create | Villager (Male) |
| 22:14 | Create | Villager (Male) |
| 22:32 | Build | Farm |
| 22:36 | Build | Farm |
| 22:37 | Create | Villager (Male) |
| 22:55 | Create | Villager (Male) |
| 22:55 | Create | Villager (Male) |
| 23:11 | Create | Villager (Male) |
| 23:11 | Create | Villager (Male) |
| 23:27 | Create | Villager (Male) |
| 23:32 | Build | Farm |
| 23:32 | Build | Farm |
| 23:32 | Build | Farm |
| 23:32 | Build | Farm |
| 23:33 | Build | Farm |
| 23:33 | Build | Farm |
| 23:33 | Build | Farm |
| 23:49 | Create | Villager (Male) |
| 23:49 | Create | Villager (Male) |
| 24:01 | Create | Villager (Male) |
| 24:01 | Create | Villager (Male) |
| 24:15 | Build | Farm |
| 24:17 | Build | Farm |
| 24:21 | Create | Villager (Male) |
| 24:26 | Build | Town Center |
| 24:34 | Create | Petard |
| 24:34 | Create | Petard |
| 24:49 | Create | Villager (Male) |
| 24:51 | Build | House |
| 24:52 | Build | House |
| 24:58 | Create | Petard |
| 25:07 | Create | Villager (Male) |
| 25:07 | Create | Villager (Male) |
| 25:39 | Create | Villager (Male) |
| 25:44 | Build | Farm |
| 26:08 | Create | Villager (Male) |
| 26:08 | Create | Villager (Male) |
| 26:08 | Create | Villager (Male) |
| 26:10 | Build | House |
| 26:29 | Create | Villager (Male) |
| 26:29 | Create | Villager (Male) |
| 26:30 | Create | Villager (Male) |
| 26:31 | Build | Farm |
| 26:31 | Build | Farm |
| 26:32 | Build | Farm |
| 26:32 | Build | Farm |
| 26:32 | Build | Farm |
| 26:32 | Build | Farm |
| 26:34 | Create | Villager (Male) |
| 26:42 | Create | Villager (Male) |
| 26:42 | Create | Villager (Male) |
| 26:54 | Build | University |
| 27:26 | Create | Villager (Male) |
| 27:33 | Build | Farm |
| 28:02 | Create | Villager (Male) |
| 28:02 | Create | Villager (Male) |
| 28:15 | Build | House |
| 28:15 | Build | House |
| 28:17 | Build | House |
Build order — Baratinha
First 150 of 356 actions detected
| 0:02 | Create | Villager (Male) |
| 0:03 | Build | House |
| 0:04 | Build | House |
| 0:19 | Create | Villager (Male) |
| 0:20 | Create | Villager (Male) |
| 0:20 | Create | Villager (Male) |
| 0:20 | Create | Villager (Male) |
| 0:20 | Create | Villager (Male) |
| 1:26 | Create | Villager (Male) |
| 1:26 | Create | Villager (Male) |
| 1:27 | Create | Villager (Male) |
| 1:59 | Create | Villager (Male) |
| 1:59 | Create | Villager (Male) |
| 1:59 | Create | Villager (Male) |
| 2:33 | Create | Villager (Male) |
| 2:34 | Create | Villager (Male) |
| 2:34 | Create | Villager (Male) |
| 2:53 | Create | Villager (Male) |
| 2:54 | Create | Villager (Male) |
| 3:11 | Build | Lumber Camp |
| 3:13 | Create | Villager (Male) |
| 3:14 | Create | Villager (Male) |
| 3:14 | Create | Villager (Male) |
| 3:14 | Create | Villager (Male) |
| 3:37 | Build | House |
| 3:40 | Create | Villager (Male) |
| 3:41 | Create | Villager (Male) |
| 3:41 | Create | Villager (Male) |
| 3:53 | Create | Villager (Male) |
| 3:53 | Create | Villager (Male) |
| 4:02 | Create | Villager (Male) |
| 4:03 | Create | Villager (Male) |
| 4:03 | Create | Villager (Male) |
| 4:47 | Create | Villager (Male) |
| 4:47 | Create | Villager (Male) |
| 4:48 | Create | Villager (Male) |
| 5:06 | Create | Villager (Male) |
| 5:06 | Create | Villager (Male) |
| 5:06 | Create | Villager (Male) |
| 5:27 | Build | House |
| 5:31 | Create | Villager (Male) |
| 5:59 | Build | Mill |
| 6:22 | Create | Villager (Male) |
| 7:02 | Create | Villager (Male) |
| 7:11 | Create | Villager (Male) |
| 7:45 | Create | Villager (Male) |
| 7:49 | Build | House |
| 8:14 | Create | Villager (Male) |
| 8:14 | Create | Villager (Male) |
| 8:35 | Research | Loom |
| 9:07 | Create | Villager (Male) |
| 9:07 | Create | Villager (Male) |
| 9:08 | Create | Villager (Male) |
| 9:08 | Create | Villager (Male) |
| 9:34 | Build | Barracks |
| 10:00 | Build | House |
| 11:07 | Create | Villager (Male) |
| 11:07 | Create | Villager (Male) |
| 11:08 | Create | Villager (Male) |
| 11:08 | Create | Villager (Male) |
| 11:10 | Create | Militia |
| 11:11 | Create | Militia |
| 11:11 | Create | Militia |
| 11:14 | Build | Farm |
| 11:14 | Build | Farm |
| 11:15 | Build | Farm |
| 11:15 | Build | Farm |
| 11:15 | Build | Farm |
| 11:15 | Build | Farm |
| 11:16 | Build | Farm |
| 11:16 | Build | Farm |
| 11:37 | Create | Villager (Male) |
| 11:44 | Build | Farm |
| 11:45 | Build | Farm |
| 11:47 | Build | Farm |
| 12:08 | Create | Villager (Male) |
| 12:19 | Build | Farm |
| 12:42 | Research | Feudal Age |
| 12:53 | Build | Mining Camp |
| 15:16 | Create | Villager (Male) |
| 15:22 | Age | Feudal Age |
| 15:24 | Build | Market |
| 15:29 | Build | Blacksmith |
| 15:40 | Create | Villager (Male) |
| 15:42 | Research | Double-Bit Axe |
| 15:44 | Research | Horse Collar |
| 16:19 | Research | Castle Age |
| 16:19 | Research | Castle Age |
| 16:44 | Create | Militia |
| 16:45 | Create | Militia |
| 18:07 | Build | Mining Camp |
| 18:58 | Age | Castle Age |
| 19:03 | Create | Villager (Male) |
| 19:03 | Create | Villager (Male) |
| 19:29 | Build | Castle |
| 19:38 | Build | House |
| 19:41 | Build | Palisade Wall |
| 19:45 | Build | House |
| 19:49 | Create | Villager (Male) |
| 19:49 | Create | Villager (Male) |
| 19:56 | Build | House |
| 19:58 | Build | House |
| 19:59 | Build | House |
| 20:03 | Build | House |
| 20:04 | Build | House |
| 20:35 | Create | Villager (Male) |
| 20:44 | Create | Mangudai |
| 20:45 | Create | Mangudai |
| 20:45 | Create | Mangudai |
| 20:58 | Build | House |
| 21:22 | Create | Mangudai |
| 21:37 | Create | Villager (Male) |
| 21:38 | Create | Villager (Male) |
| 21:41 | Build | Town Center |
| 22:02 | Create | Villager (Male) |
| 22:18 | Create | Petard |
| 22:18 | Create | Petard |
| 22:22 | Create | Villager (Male) |
| 22:50 | Create | Mangudai |
| 22:50 | Create | Mangudai |
| 23:06 | Build | House |
| 23:10 | Build | House |
| 23:31 | Build | House |
| 23:38 | Create | Mangudai |
| 23:38 | Create | Mangudai |
| 23:43 | Build | House |
| 23:51 | Research | Fletching |
| 24:15 | Create | Villager (Male) |
| 24:16 | Create | Villager (Male) |
| 24:16 | Create | Villager (Male) |
| 24:21 | Build | Town Center |
| 24:27 | Create | Mangudai |
| 24:42 | Create | Villager (Male) |
| 24:42 | Create | Villager (Male) |
| 24:42 | Create | Villager (Male) |
| 24:45 | Build | Farm |
| 24:46 | Build | Farm |
| 24:47 | Build | Farm |
| 24:49 | Build | Farm |
| 24:58 | Create | Mangudai |
| 24:58 | Create | Mangudai |
| 25:06 | Build | Farm |
| 25:18 | Build | Gate |
| 25:26 | Build | Farm |
| 25:41 | Build | Lumber Camp |
| 25:45 | Create | Villager (Male) |
| 25:45 | Create | Villager (Male) |
| 25:46 | Create | Villager (Male) |
| 26:02 | Create | Villager (Male) |
| 26:02 | Create | Villager (Male) |
Build order — CTM | Franco*
First 150 of 268 actions detected
| 0:04 | Create | Villager (Male) |
| 0:04 | Create | Villager (Male) |
| 0:05 | Create | Villager (Male) |
| 0:05 | Create | Villager (Male) |
| 0:05 | Create | Villager (Male) |
| 0:07 | Build | House |
| 0:09 | Build | House |
| 1:31 | Create | Villager (Male) |
| 2:00 | Create | Villager (Male) |
| 2:00 | Create | Villager (Male) |
| 2:18 | Build | Lumber Camp |
| 2:30 | Create | Villager (Male) |
| 2:38 | Build | House |
| 2:39 | Build | House |
| 2:42 | Create | Villager (Male) |
| 2:43 | Create | Villager (Male) |
| 3:03 | Create | Villager (Male) |
| 3:03 | Create | Villager (Male) |
| 3:58 | Create | Villager (Male) |
| 3:59 | Create | Villager (Male) |
| 3:59 | Create | Villager (Male) |
| 4:14 | Create | Villager (Male) |
| 4:14 | Create | Villager (Male) |
| 4:43 | Create | Villager (Male) |
| 5:26 | Create | Villager (Male) |
| 5:42 | Create | Villager (Male) |
| 5:45 | Create | Villager (Male) |
| 6:20 | Build | Mining Camp |
| 6:35 | Create | Villager (Male) |
| 6:55 | Create | Villager (Male) |
| 7:46 | Research | Feudal Age |
| 7:51 | Build | Mill |
| 8:58 | Research | Loom |
| 9:56 | Age | Feudal Age |
| 10:57 | Research | Castle Age |
| 12:02 | Build | Stable |
| 12:15 | Build | Outpost |
| 13:37 | Age | Castle Age |
| 13:41 | Create | Knight |
| 13:42 | Create | Knight |
| 13:43 | Create | Knight |
| 13:58 | Build | Siege Workshop |
| 14:01 | Create | Villager (Male) |
| 14:38 | Create | Mangonel |
| 14:39 | Create | Mangonel |
| 14:47 | Build | House |
| 14:48 | Build | House |
| 15:08 | Create | Villager (Male) |
| 15:09 | Create | Villager (Male) |
| 15:22 | Build | House |
| 15:52 | Create | Villager (Male) |
| 15:56 | Build | House |
| 16:10 | Create | Villager (Male) |
| 16:26 | Build | Town Center |
| 16:57 | Build | Farm |
| 17:14 | Create | Scout Cavalry |
| 17:37 | Create | Scorpion |
| 17:41 | Create | Villager (Male) |
| 17:44 | Create | Scorpion |
| 17:44 | Create | Scorpion |
| 18:10 | Create | Villager (Male) |
| 18:12 | Build | Farm |
| 18:17 | Build | Farm |
| 18:19 | Build | Farm |
| 18:22 | Build | Farm |
| 18:25 | Build | Farm |
| 18:40 | Build | Farm |
| 18:42 | Create | Villager (Male) |
| 18:58 | Build | Farm |
| 19:13 | Create | Villager (Male) |
| 19:13 | Create | Villager (Male) |
| 19:33 | Create | Villager (Male) |
| 19:49 | Create | Villager (Male) |
| 20:14 | Build | Town Center |
| 20:16 | Create | Villager (Male) |
| 20:24 | Create | Battering Ram |
| 20:24 | Create | Battering Ram |
| 20:28 | Create | Villager (Male) |
| 20:47 | Create | Battering Ram |
| 20:55 | Create | Villager (Male) |
| 21:09 | Create | Villager (Male) |
| 21:14 | Build | Farm |
| 21:22 | Create | Villager (Male) |
| 21:26 | Build | Farm |
| 21:49 | Create | Villager (Male) |
| 21:58 | Build | House |
| 22:01 | Build | House |
| 22:02 | Build | House |
| 22:03 | Create | Villager (Male) |
| 22:03 | Create | Villager (Male) |
| 22:13 | Create | Villager (Male) |
| 22:18 | Build | Farm |
| 22:19 | Build | Farm |
| 22:24 | Build | Farm |
| 22:24 | Create | Villager (Male) |
| 22:38 | Create | Villager (Male) |
| 22:39 | Create | Villager (Male) |
| 22:52 | Create | Villager (Male) |
| 22:56 | Build | Farm |
| 23:07 | Create | Villager (Male) |
| 23:14 | Build | Farm |
| 23:18 | Create | Villager (Male) |
| 23:28 | Create | Villager (Male) |
| 23:29 | Create | Villager (Male) |
| 23:42 | Create | Battering Ram |
| 23:59 | Create | Villager (Male) |
| 23:59 | Create | Villager (Male) |
| 24:02 | Create | Villager (Male) |
| 24:07 | Build | House |
| 24:08 | Build | House |
| 24:10 | Build | House |
| 24:45 | Build | Farm |
| 24:46 | Build | Farm |
| 24:46 | Create | Villager (Male) |
| 24:47 | Create | Villager (Male) |
| 24:47 | Create | Villager (Male) |
| 24:47 | Create | Villager (Male) |
| 24:48 | Create | Villager (Male) |
| 25:04 | Research | Horse Collar |
| 25:15 | Build | Farm |
| 25:18 | Build | Farm |
| 25:21 | Build | Farm |
| 25:21 | Create | Villager (Male) |
| 25:22 | Create | Villager (Male) |
| 25:22 | Create | Villager (Male) |
| 25:28 | Create | Mangonel |
| 25:29 | Create | Mangonel |
| 25:34 | Build | Farm |
| 25:36 | Create | Villager (Male) |
| 25:36 | Create | Villager (Male) |
| 25:40 | Create | Villager (Male) |
| 25:49 | Build | House |
| 25:52 | Build | House |
| 25:52 | Build | House |
| 25:53 | Build | House |
| 25:58 | Create | Villager (Male) |
| 25:59 | Create | Villager (Male) |
| 26:08 | Create | Villager (Male) |
| 26:15 | Build | Lumber Camp |
| 26:48 | Create | Villager (Male) |
| 26:49 | Create | Villager (Male) |
| 26:49 | Create | Villager (Male) |
| 26:50 | Create | Villager (Male) |
| 27:00 | Build | Palisade Wall |
| 27:26 | Build | Stone Wall |
| 27:28 | Build | Stone Wall |
| 27:38 | Build | Stone Wall |
| 27:48 | Create | Villager (Male) |
| 27:49 | Create | Villager (Male) |
| 27:49 | Create | Villager (Male) |
Build order — 超可愛小海豹
First 150 of 438 actions detected
| 0:02 | Create | Villager (Male) ×4 |
| 0:02 | Create | Villager (Male) ×4 |
| 0:02 | Create | Villager (Male) ×4 |
| 0:03 | Build | House |
| 0:06 | Build | House |
| 1:29 | Create | Villager (Male) |
| 1:29 | Create | Villager (Male) |
| 1:56 | Create | Villager (Male) |
| 1:56 | Create | Villager (Male) |
| 2:11 | Build | Lumber Camp |
| 2:35 | Create | Villager (Male) |
| 2:35 | Create | Villager (Male) |
| 2:53 | Create | Villager (Male) |
| 2:54 | Create | Villager (Male) |
| 2:59 | Create | Villager (Male) |
| 2:59 | Create | Villager (Male) |
| 3:06 | Build | House |
| 3:07 | Build | House |
| 3:34 | Create | Villager (Male) |
| 3:34 | Create | Villager (Male) |
| 3:34 | Create | Villager (Male) |
| 4:03 | Create | Villager (Male) |
| 4:03 | Create | Villager (Male) |
| 4:07 | Create | Villager (Male) |
| 4:07 | Create | Villager (Male) |
| 4:41 | Create | Villager (Male) |
| 4:42 | Create | Villager (Male) |
| 4:42 | Create | Villager (Male) |
| 5:19 | Create | Villager (Male) |
| 5:19 | Create | Villager (Male) |
| 5:37 | Create | Villager (Male) |
| 5:37 | Create | Villager (Male) |
| 6:22 | Create | Villager (Male) |
| 6:23 | Create | Villager (Male) |
| 7:26 | Research | Loom |
| 7:47 | Build | Mill |
| 7:55 | Build | Mill |
| 8:14 | Research | Feudal Age |
| 8:14 | Research | Feudal Age |
| 8:24 | Build | Mining Camp |
| 8:31 | Build | House |
| 8:31 | Build | House |
| 8:32 | Build | House |
| 8:34 | Build | House |
| 9:23 | Create | Villager (Male) |
| 9:24 | Create | Villager (Male) |
| 9:24 | Create | Villager (Male) |
| 10:21 | Create | Villager (Male) |
| 10:22 | Create | Villager (Male) |
| 10:35 | Age | Feudal Age |
| 11:02 | Create | Villager (Male) |
| 11:07 | Build | Barracks |
| 11:41 | Build | Town Center |
| 12:04 | Research | Double-Bit Axe |
| 12:04 | Research | Double-Bit Axe |
| 12:11 | Build | Stable |
| 12:39 | Build | Blacksmith |
| 13:07 | Create | Villager (Male) |
| 13:07 | Create | Villager (Male) |
| 13:30 | Build | House |
| 13:31 | Build | House |
| 13:32 | Build | House |
| 13:39 | Create | Villager (Male) ×5 |
| 13:44 | Research | Horse Collar |
| 14:07 | Create | Villager (Male) |
| 14:07 | Create | Villager (Male) |
| 14:13 | Build | Farm |
| 14:13 | Build | Farm |
| 14:13 | Build | Farm |
| 14:19 | Build | Farm |
| 14:20 | Build | Farm |
| 14:22 | Build | Farm |
| 14:23 | Build | Farm |
| 14:42 | Research | Wheelbarrow |
| 14:43 | Create | Villager (Male) |
| 14:44 | Create | Villager (Male) |
| 15:13 | Build | House |
| 15:20 | Build | House |
| 15:21 | Build | House |
| 15:22 | Build | House |
| 15:31 | Build | Farm |
| 15:32 | Build | Farm |
| 15:36 | Build | Farm |
| 15:48 | Build | Farm |
| 15:49 | Build | Farm |
| 15:55 | Create | Villager (Male) |
| 15:55 | Create | Villager (Male) |
| 15:59 | Build | Farm |
| 16:00 | Build | Farm |
| 16:17 | Build | Farm |
| 16:18 | Build | Farm |
| 16:23 | Create | Villager (Male) |
| 16:24 | Create | Villager (Male) |
| 16:38 | Build | Farm |
| 16:41 | Build | Farm |
| 16:44 | Build | Farm |
| 17:06 | Build | Market |
| 17:11 | Create | Villager (Male) |
| 17:12 | Create | Villager (Male) |
| 17:14 | Create | Villager (Male) |
| 17:14 | Create | Villager (Male) |
| 17:23 | Create | Villager (Male) |
| 17:23 | Create | Villager (Male) |
| 17:26 | Build | House |
| 17:27 | Build | House |
| 17:27 | Build | House |
| 17:28 | Build | House |
| 17:30 | Build | House |
| 17:33 | Build | House |
| 18:14 | Create | Villager (Male) |
| 18:14 | Create | Villager (Male) |
| 18:23 | Build | Farm |
| 18:25 | Build | Farm |
| 18:34 | Create | Villager (Male) |
| 18:35 | Create | Villager (Male) |
| 18:41 | Build | Farm |
| 18:41 | Build | Farm |
| 18:54 | Build | Farm |
| 19:03 | Create | Villager (Male) |
| 19:03 | Create | Villager (Male) |
| 19:07 | Build | Farm |
| 19:08 | Build | Farm |
| 19:10 | Build | Farm |
| 19:32 | Build | Farm |
| 19:38 | Create | Villager (Male) |
| 19:39 | Create | Villager (Male) |
| 19:58 | Research | Castle Age |
| 19:58 | Research | Castle Age |
| 19:58 | Research | Castle Age |
| 20:05 | Create | Villager (Male) |
| 20:05 | Create | Villager (Male) |
| 20:16 | Create | Villager (Male) |
| 20:16 | Create | Villager (Male) |
| 20:17 | Create | Villager (Male) |
| 20:22 | Build | Mill |
| 20:27 | Build | Farm |
| 20:28 | Build | Farm |
| 20:29 | Build | Farm |
| 20:30 | Build | Farm |
| 20:38 | Create | Villager (Male) |
| 20:38 | Create | Villager (Male) |
| 20:42 | Build | Stable |
| 20:43 | Build | Stable |
| 20:56 | Build | Stable |
| 20:57 | Build | Stable |
| 21:14 | Build | House |
| 21:15 | Build | House |
| 21:17 | Build | House |
| 21:18 | Build | House |
| 21:20 | Build | House |
Build order — Rhapcore
First 150 of 361 actions detected
| 0:02 | Create | Villager (Male) |
| 0:02 | Create | Villager (Male) |
| 0:03 | Build | House |
| 0:06 | Build | House |
| 0:07 | Create | Villager (Male) |
| 0:07 | Create | Villager (Male) |
| 0:07 | Create | Villager (Male) |
| 0:07 | Create | Villager (Male) |
| 1:33 | Create | Villager (Male) |
| 1:33 | Create | Villager (Male) |
| 1:48 | Build | Lumber Camp |
| 1:55 | Create | Villager (Male) |
| 1:55 | Create | Villager (Male) |
| 2:36 | Create | Villager (Male) |
| 2:36 | Create | Villager (Male) |
| 3:00 | Create | Villager (Male) |
| 3:00 | Create | Villager (Male) |
| 3:00 | Create | Villager (Male) |
| 3:03 | Build | House |
| 3:04 | Build | House |
| 3:56 | Create | Villager (Male) |
| 3:56 | Create | Villager (Male) |
| 4:00 | Build | House |
| 4:30 | Create | Villager (Male) |
| 4:31 | Create | Villager (Male) |
| 4:41 | Build | Mill |
| 4:44 | Create | Villager (Male) |
| 5:43 | Create | Villager (Male) |
| 5:43 | Create | Villager (Male) |
| 5:43 | Create | Villager (Male) |
| 6:09 | Create | Villager (Male) |
| 7:06 | Create | Villager (Male) |
| 7:49 | Create | Villager (Male) |
| 7:49 | Create | Villager (Male) |
| 7:57 | Build | Mining Camp |
| 8:04 | Create | Villager (Male) |
| 8:13 | Create | Villager (Male) |
| 8:49 | Build | Mining Camp |
| 9:01 | Create | Villager (Male) |
| 9:36 | Research | Feudal Age |
| 10:29 | Create | Villager (Male) |
| 10:30 | Create | Villager (Male) |
| 12:05 | Age | Feudal Age |
| 12:10 | Build | Market |
| 12:12 | Build | Blacksmith |
| 12:18 | Create | Villager (Male) |
| 12:34 | Create | Villager (Male) |
| 13:00 | Build | House |
| 13:08 | Build | Farm |
| 13:12 | Build | Farm |
| 13:19 | Build | Farm |
| 13:22 | Build | Farm |
| 13:25 | Build | Farm |
| 13:27 | Build | Farm |
| 13:29 | Build | Farm |
| 13:40 | Build | Farm |
| 13:44 | Build | Farm |
| 13:47 | Build | Farm |
| 13:49 | Build | Farm |
| 13:52 | Create | Villager (Male) |
| 13:54 | Build | House |
| 14:08 | Build | House |
| 14:09 | Build | House |
| 14:28 | Research | Castle Age |
| 14:30 | Build | Farm |
| 15:06 | Research | Double-Bit Axe |
| 15:07 | Research | Horse Collar |
| 16:22 | Build | Farm |
| 16:24 | Build | Farm |
| 16:28 | Build | Farm |
| 16:29 | Build | Farm |
| 16:31 | Build | Farm |
| 16:32 | Build | Farm |
| 17:00 | Create | Villager (Male) |
| 17:00 | Create | Villager (Male) |
| 17:02 | Create | Villager (Male) |
| 17:08 | Age | Castle Age |
| 17:24 | Build | Castle |
| 17:33 | Create | Villager (Male) |
| 17:41 | Create | Villager (Male) |
| 17:49 | Create | Villager (Male) |
| 17:53 | Create | Villager (Male) |
| 17:59 | Create | Villager (Male) |
| 18:02 | Research | Bow Saw |
| 18:04 | Research | Heavy Plow |
| 18:30 | Create | Villager (Male) |
| 19:03 | Build | Farm |
| 19:07 | Create | Villager (Male) |
| 19:21 | Build | Farm |
| 19:26 | Create | Magyar Huszar |
| 19:27 | Create | Magyar Huszar |
| 19:36 | Research | Corvinian Army |
| 19:36 | Create | Magyar Huszar |
| 19:40 | Research | Scale Barding Armor |
| 19:44 | Create | Villager (Male) |
| 19:46 | Build | Farm |
| 19:52 | Build | Farm |
| 20:09 | Build | Farm |
| 20:16 | Create | Villager (Male) |
| 20:19 | Build | Farm |
| 20:23 | Create | Magyar Huszar |
| 20:24 | Create | Magyar Huszar |
| 20:24 | Create | Magyar Huszar |
| 20:36 | Create | Magyar Huszar |
| 20:45 | Build | Farm |
| 20:51 | Create | Magyar Huszar |
| 21:00 | Build | Farm |
| 21:01 | Create | Villager (Male) |
| 21:18 | Create | Villager (Male) |
| 21:32 | Create | Magyar Huszar |
| 21:35 | Create | Magyar Huszar |
| 21:38 | Create | Villager (Male) |
| 21:51 | Create | Magyar Huszar |
| 21:54 | Create | Villager (Male) |
| 21:58 | Create | Villager (Male) |
| 22:05 | Build | Town Center |
| 22:09 | Create | Magyar Huszar |
| 22:09 | Create | Magyar Huszar |
| 22:20 | Create | Magyar Huszar |
| 22:37 | Create | Villager (Male) |
| 22:38 | Create | Magyar Huszar |
| 22:46 | Create | Villager (Male) |
| 22:53 | Build | House |
| 22:55 | Build | House |
| 22:55 | Build | House |
| 24:14 | Create | Villager (Male) |
| 24:14 | Create | Villager (Male) |
| 24:15 | Create | Villager (Male) |
| 24:15 | Create | Villager (Male) |
| 24:16 | Create | Magyar Huszar |
| 24:16 | Create | Magyar Huszar |
| 24:16 | Create | Magyar Huszar |
| 24:17 | Create | Magyar Huszar |
| 24:17 | Create | Magyar Huszar |
| 24:31 | Create | Villager (Male) |
| 24:32 | Create | Villager (Male) |
| 24:35 | Build | Farm |
| 24:36 | Build | Farm |
| 24:37 | Build | Farm |
| 24:39 | Build | Farm |
| 24:41 | Build | Farm |
| 24:43 | Build | Farm |
| 24:44 | Create | Villager (Male) |
| 24:45 | Create | Villager (Male) |
| 24:45 | Create | Villager (Male) |
| 24:48 | Build | Farm |
| 24:49 | Create | Villager (Male) |
| 24:50 | Create | Villager (Male) |
| 24:50 | Create | Villager (Male) |
| 25:12 | Create | Villager (Male) |
Match timeline
| 9:16 | PSX | King · age_up feudal |
| 9:34 | Baratinha · first_building Barracks |
| 9:56 | CTM | Franco* · age_up feudal |
| 10:06 | CTM | chiwire · age_up feudal |
| 10:35 | 超可愛小海豹 · age_up feudal |
| 10:50 | Persian Assassin · age_up feudal |
| 11:07 | 超可愛小海豹 · first_building Barracks |
| 11:08 | 风沙烟尘 · age_up feudal |
| 11:42 | CTM | chiwire · first_market_sell 100 stone |
| 12:02 | CTM | Franco* · first_building Stable |
| 12:05 | Rhapcore · age_up feudal |
| 12:11 | 超可愛小海豹 · first_building Stable |
| 13:08 | PSX | King · first_market_sell 100 stone |
| 13:13 | PSX | King · first_market_buy 100 food |
| 13:37 | CTM | Franco* · age_up castle |
| 13:58 | CTM | Franco* · first_building Siege Workshop |
| 14:06 | Persian Assassin · age_up castle |
| 14:09 | CTM | chiwire · age_up castle |
| 14:11 | CTM | chiwire · first_building Monastery |
| 14:20 | Rhapcore · first_market_sell 100 stone |
| 14:21 | Rhapcore · first_market_buy 100 food |
| 14:36 | Persian Assassin · first_building Monastery |
| 14:59 | 风沙烟尘 · age_up castle |
| 15:22 | Baratinha · age_up feudal |
| 15:26 | 风沙烟尘 · first_building Castle |
| 16:04 | PSX | King · age_up castle |
| 16:10 | Persian Assassin · first_market_sell 100 wood |
| 16:11 | Persian Assassin · first_market_buy 100 food |
| 16:18 | Rhapcore · tribute_sent a jugador 1 |
| 16:18 | Rhapcore · tribute_sent a jugador 2 |
| 16:18 | Rhapcore · tribute_sent a jugador 3 |
| 16:18 | Rhapcore · tribute_sent a jugador 4 |
| 16:18 | Rhapcore · tribute_sent a jugador 5 |
| 16:18 | Rhapcore · tribute_sent a jugador 6 |
| 16:18 | Rhapcore · tribute_sent a jugador 7 |
| 17:00 | PSX | King · first_building Castle |
| 17:08 | Rhapcore · age_up castle |
| 17:24 | Rhapcore · first_building Castle |
| 17:33 | PSX | King · wall_segment Palisade Wall x1 |
| 17:37 | PSX | King · wall_segment Palisade Wall x1 |
| 17:40 | PSX | King · wall_segment Palisade Wall x1 |
| 17:42 | PSX | King · wall_segment Palisade Wall x1 |
| 18:36 | Baratinha · first_market_sell 500 wood |
| 18:39 | Baratinha · first_market_buy 500 stone |
| 18:51 | 风沙烟尘 · first_building Monastery |
| 18:58 | 风沙烟尘 · first_market_buy 100 food |
| 18:58 | Baratinha · age_up castle |
| 19:29 | Baratinha · first_building Castle |
| 19:41 | Baratinha · wall_segment Palisade Wall x1 |
| 22:47 | 超可愛小海豹 · age_up castle |
| 23:43 | 风沙烟尘 · first_building Siege Workshop |
| 23:54 | Persian Assassin · first_building Barracks |
| 24:16 | Persian Assassin · first_building Castle |
| 24:39 | Persian Assassin · first_building Stable |
| 25:41 | 风沙烟尘 · first_market_sell 100 food |
| 25:58 | 超可愛小海豹 · first_building Castle |
| 26:05 | 风沙烟尘 · first_building Barracks |
| 26:29 | CTM | chiwire · first_building Barracks |
| 27:00 | CTM | Franco* · wall_segment Palisade Wall x6 |
| 27:14 | CTM | chiwire · tribute_sent a jugador 1 |
| 27:14 | CTM | chiwire · tribute_sent a jugador 3 |
| 27:14 | CTM | chiwire · tribute_sent a jugador 4 |
| 27:14 | CTM | chiwire · tribute_sent a jugador 5 |
| 27:14 | CTM | chiwire · tribute_sent a jugador 6 |
| 27:14 | CTM | chiwire · tribute_sent a jugador 7 |
| 27:14 | CTM | chiwire · tribute_sent a jugador 8 |
| 27:21 | PSX | King · tribute_sent a jugador 1 |
| 27:21 | PSX | King · tribute_sent a jugador 2 |
| 27:21 | PSX | King · tribute_sent a jugador 3 |
| 27:21 | PSX | King · tribute_sent a jugador 5 |
| 27:21 | PSX | King · tribute_sent a jugador 6 |
| 27:21 | PSX | King · tribute_sent a jugador 7 |
| 27:21 | PSX | King · tribute_sent a jugador 8 |
| 27:26 | CTM | Franco* · wall_segment Stone Wall x1 |
| 27:28 | CTM | Franco* · wall_segment Stone Wall x7 |
| 27:38 | CTM | Franco* · wall_segment Stone Wall x2 |
| 27:49 | CTM | chiwire · first_building Stable |
| 28:35 | CTM | chiwire · age_up imperial |
| 29:02 | 风沙烟尘 · age_up imperial |
| 29:09 | PSX | King · wall_segment Stone Wall x1 |
| 29:17 | CTM | Franco* · wall_segment Stone Wall x12 |
| 29:53 | Persian Assassin · age_up imperial |
| 30:19 | CTM | chiwire · first_building Siege Workshop |
| 31:23 | CTM | chiwire · first_building Castle |
| 31:28 | CTM | Franco* · first_building Castle |
| 31:44 | Baratinha · first_building Siege Workshop |
| 32:07 | CTM | Franco* · wall_segment Stone Wall x2 |
| 32:10 | CTM | Franco* · wall_segment Stone Wall x10 |
| 33:01 | Rhapcore · first_building Barracks |
| 33:11 | CTM | chiwire · first_building Archery Range |
| 34:01 | Rhapcore · first_building Archery Range |
| 34:01 | CTM | Franco* · wall_segment Stone Wall x5 |
| 34:03 | Rhapcore · first_building Stable |
| 34:04 | 超可愛小海豹 · age_up imperial |
| 34:52 | Persian Assassin · tribute_sent a jugador 1 |
| 34:52 | Persian Assassin · tribute_sent a jugador 2 |
| 34:52 | Persian Assassin · tribute_sent a jugador 4 |
| 34:52 | Persian Assassin · tribute_sent a jugador 5 |
| 34:52 | Persian Assassin · tribute_sent a jugador 6 |
| 34:52 | Persian Assassin · tribute_sent a jugador 7 |
| 34:52 | Persian Assassin · tribute_sent a jugador 8 |
| 34:59 | 超可愛小海豹 · first_market_buy 500 food |
| 35:08 | Baratinha · first_building Archery Range |
| 35:36 | PSX | King · first_building Siege Workshop |
| 35:46 | CTM | Franco* · wall_segment Stone Wall x7 |
| 35:50 | CTM | Franco* · wall_segment Stone Wall x6 |
| 36:05 | Baratinha · first_building Stable |
| 36:08 | CTM | Franco* · wall_segment Stone Wall x3 |
| 36:54 | 超可愛小海豹 · first_building Siege Workshop |
| 37:58 | CTM | Franco* · age_up imperial |
| 38:06 | Baratinha · age_up imperial |
| 38:21 | Rhapcore · age_up imperial |
| 38:30 | Rhapcore · first_building Monastery |
| 38:57 | Persian Assassin · tribute_sent a jugador 1 |
| 38:57 | Persian Assassin · tribute_sent a jugador 2 |
| 38:57 | Persian Assassin · tribute_sent a jugador 4 |
| 38:57 | Persian Assassin · tribute_sent a jugador 5 |
| 38:57 | Persian Assassin · tribute_sent a jugador 6 |
| 38:57 | Persian Assassin · tribute_sent a jugador 7 |
| 38:57 | Persian Assassin · tribute_sent a jugador 8 |
| 39:22 | 超可愛小海豹 · first_building Monastery |
| 39:34 | Rhapcore · first_building Siege Workshop |
| 40:04 | Rhapcore · wall_segment Stone Wall x5 |
| 40:07 | Rhapcore · wall_segment Stone Wall x3 |
| 40:16 | Rhapcore · wall_segment Stone Wall x3 |
| 40:57 | Rhapcore · wall_segment Stone Wall x4 |
| 41:00 | Rhapcore · wall_segment Stone Wall x5 |
| 41:01 | PSX | King · tribute_sent a jugador 1 |
| 41:01 | PSX | King · tribute_sent a jugador 2 |
| 41:01 | PSX | King · tribute_sent a jugador 3 |
| 41:01 | PSX | King · tribute_sent a jugador 5 |
| 41:01 | PSX | King · tribute_sent a jugador 6 |
| 41:01 | PSX | King · tribute_sent a jugador 7 |
| 41:01 | PSX | King · tribute_sent a jugador 8 |
| 41:27 | CTM | Franco* · first_market_sell 500 stone |
| 41:55 | Rhapcore · wall_segment Stone Wall x8 |
| 42:08 | Rhapcore · wall_segment Stone Wall x4 |
| 42:54 | Rhapcore · wall_segment Stone Wall x7 |
| 43:30 | PSX | King · resign |
[ AI ANALYSIS · 1 CREDIT ]
What really happened in this match?
Wolo.gg analyzes every decision: build order, eco, micro, common mistakes by bracket. Personalized analysis on WhatsApp or Discord in 30 seconds.
Civ guide
Persians
Perfil
Jugador #5134748